[Event "Titled Tuesday Blitz February 28 Late 2023"]
[White "Manelyuk, Daniil"]
[Black "Buchenau, Frank"]
[WhiteFideId "44173920"]
[BlackFideId "4604350"]
[WhiteElo "2259"]
[BlackElo "2157"]
[Result "1-0"]
[Round "03"]
[TimeControl "180+2"]
[Date "2023.02.28"]
[WhiteClock "0:00:42"]
[BlackClock "0:00:06"]

1. e4 e6 2. d4 d5 3. Nd2 c5 4. exd5 Qxd5 5. Ngf3 cxd4 6. Bc4 Qd6 7. O-O Nf6 8. Nb3 Nc6 9. Nbxd4 Nxd4 10. Nxd4 a6 11. Re1 Qc7 12. Bf1 Bd6 13. Nf5 Bxh2+ 14. Kh1 Kf8 15. Nxg7 Kxg7 16. Qd4 e5 17. Qh4 h6 18. Qxh2 Ng4 19. Qg3 f5 20. f3 f4 21. Qh4 Nf6 22. Bd2 Bf5 23. Bc3 Rhe8 24. Bd3 Bxd3 25. cxd3 Kg6 26. Re2 Nd5 27. Rae1 Nxc3 28. bxc3 Qxc3 29. Re4 Rad8 30. Qg4+ Kh7 31. Qf5+ Kg7 32. Rxe5 Rxe5 33. Rxe5 Qc7 34. Re6 Qf7 35. Qe5+ Kh7 36. Re7 1-0


[Site "https://www.chess.com"]

[Event "Titled Tuesday Blitz February 28 Late 2023"]
[White "Postma, Dinant"]
[Black "Wartiovaara, Oliver"]
[WhiteFideId "1018612"]
[BlackFideId "513024"]
[WhiteElo "2578"]
[BlackElo "2214"]
[Result "0-1"]
[Round "03"]
[TimeControl "180+2"]
[Date "2023.02.28"]
[WhiteClock "0:00:03"]
[BlackClock "0:00:10"]

1. e4 c6 2. d3 d5 3. Nf3 dxe4 4. dxe4 Qxd1+ 5. Kxd1 Nf6 6. Nfd2 g5 7. f3 h5 8. c3 g4 9. Kc2 h4 10. f4 Nbd7 11. e5 Nd5 12. Ne4 Bh6 13. g3 N7b6 14. Na3 Bf5 15. Bd3 Bxe4 16. Bxe4 e6 17. Bd2 O-O-O 18. Rae1 Bf8 19. Nb1 Bc5 20. b4 Bf2 21. Re2 hxg3 22. hxg3 Rxh1 23. Bxh1 Bxg3 24. Be4 Bxf4 25. Bxf4 Nxf4 26. Rf2 Ng6 27. Bxg6 fxg6 28. Rg2 Nc4 29. Kb3 Nxe5 30. Nd2 Rd3 31. Ne4 Re3 32. Nc5 g3 33. Nxe6 Nd3 34. Rd2 g2 35. Rxg2 Rxe6 36. Rg3 Nf4 37. a4 Re5 38. Rg4 g5 39. c4 Rf5 40. c5 Ng6 41. Kc3 Ne5 42. Rg2 g4 43. Kd4 Rf4+ 44. Kxe5 Rxb4 45. a5 Rb5 46. Kd6 Rb4 47. Rf2 Rd4+ 48. Ke6 g3 49. Rf3 g2 50. Rg3 Rd5 51. Rg8+ Kc7 52. Rg7+ Kc8 53. Rg8+ Kc7 54. Rg7+ Kc8 55. Rxg2 Rxc5 56. Rg8+ Kc7 57. Rg7+ Kc8 58. a6 bxa6 59. Kd6 Rc1 60. Rxa7 Kb8 61. Rxa6 Kb7 62. Ra2 Rd1+ 63. Kc5 Rd5+ 64. Kc4 Kc7 65. Ra8 Kd6 66. Rd8+ Ke6 67. Rc8 Kd7 68. Rh8 Ra5 69. Rh6 Rg5 70. Rh7+ Kd6 71. Rh6+ Kc7 72. Rh7+ Kb6 73. Rh6 Rg4+ 74. Kc3 Kb5 75. Rh8 Kc5 76. Rh5+ Kb6 77. Rh8 Kb5 78. Rh5+ c5 79. Kb3 Rg3+ 80. Kc2 Kb4 81. Rh8 Kc4 82. Rh4+ Kb5 83. Rh8 Kb4 84. Rh4+ c4 85. Rh8 Rg2+ 86. Kc1 Kb3 87. Rh3+ c3 88. Rh1 Ra2 89. Kb1 c2+ 90. Kc1 Ra1+ 91. Kd2 Rxh1 0-1


[Site "https://www.chess.com"]

[Event "Titled Tuesday Blitz February 28 Late 2023"]
[White "Guzman Moneo, Alberto"]
[Black "benny_aizenberg"]
[WhiteFideId "2209616"]
[WhiteElo "2157"]
[BlackElo "2578"]
[Result "0-1"]
[Round "03"]
[TimeControl "180+2"]
[Date "2023.02.28"]
[WhiteClock "0:00:06"]
[BlackClock "0:00:20"]

1. e4 c5 2. Nc3 Nc6 3. Bb5 Nd4 4. Nf3 a6 5. Bd3 Nc6 6. Be2 g6 7. d4 cxd4 8. Nxd4 Bg7 9. Nxc6 bxc6 10. O-O d6 11. Bg5 Nf6 12. Qd2 O-O 13. Bh6 Qb6 14. Bxg7 Kxg7 15. b3 a5 16. Rad1 Bb7 17. h4 h5 18. Qg5 Qb4 19. Rd3 Ba6 20. Re3 Bxe2 21. Nxe2 Qd2 22. e5 Ng4 23. Ng3 Kh7 24. Qxe7 Nxe3 25. fxe3 Qxe3+ 26. Kh2 Qxe5 27. Qc7 Kg7 28. Qxc6 Rac8 29. Qf3 Rxc2 30. a4 Rc3 31. Qf2 Rxb3 32. Re1 Qc3 33. Ne4 Qb2 34. Qf4 Qe5 35. Qxe5+ dxe5 36. Nc5 Rb4 37. Rxe5 Rxh4+ 38. Kg3 Rg4+ 39. Kf3 Rc8 40. Rd5 Rc4 41. Nd7 Rxa4 42. Rd6 Rc3+ 43. Kf2 Ra2+ 44. Kg1 Rg3 45. Ne5 Rgxg2+ 46. Kh1 Rge2 47. Nf3 Ra1+ 48. Ng1 Ree1 49. Kh2 Rxg1 50. Rd7 Rg5 51. Kh3 Rh1# 0-1


[Site "https://www.chess.com"]

[Event "Titled Tuesday Blitz February 28 Late 2023"]
[White "Figorito, Nick"]
[Black "Krallis, Christos"]
[WhiteFideId "30923689"]
[BlackFideId "4298896"]
[WhiteElo "2373"]
[BlackElo "2243"]
[Result "0-1"]
[Round "03"]
[TimeControl "180+2"]
[Date "2023.02.28"]
[WhiteClock "0:00:09"]
[BlackClock "0:00:14"]

1. Nf3 c5 2. g3 Nc6 3. d4 cxd4 4. Nxd4 e5 5. Nxc6 dxc6 6. Qxd8+ Kxd8 7. Bg2 h5 8. h4 Kc7 9. O-O f6 10. c4 Nh6 11. Nc3 Nf5 12. e3 Bb4 13. Bd2 Be6 14. b3 a5 15. Rfd1 Rhd8 16. Be1 Rdb8 17. Bf3 g6 18. Ne4 Be7 19. c5 Bd5 20. Rac1 a4 21. Nd2 Bxf3 22. Nxf3 axb3 23. axb3 Ra3 24. b4 Rba8 25. Nd2 Ra2 26. Nc4 Rd8 27. Rxd8 Bxd8 28. Rd1 Kc8 29. Nd6+ Nxd6 30. Rxd6 Be7 31. Rd2 Ra1 32. Kf1 b6 33. Rc2 Kb7 34. Ke2 bxc5 35. bxc5 Rb1 36. Ba5 Ka6 37. Bb6 Kb5 38. Kf3 f5 39. Kg2 e4 40. Kh2 Rb4 41. Kg2 Rc4 42. Rb2+ Rb4 43. Rc2 Bf8 44. Kh2 Bg7 45. Rd2 Rb2 46. Rxb2+ Bxb2 47. Kg2 Ba3 48. f3 Bxc5 49. Bc7 Bxe3 50. fxe4 fxe4 51. Kf1 Kc4 52. Ke2 Bh6 53. Be5 Kd5 54. Bb2 c5 55. Bc3 c4 56. Bb2 Bf8 57. Bc3 Bd6 58. Be1 Be5 59. Ke3 c3 60. Ke2 Bd4 61. Kd1 Kc4 62. Kc2 e3 63. g4 hxg4 64. Bg3 e2 65. Be1 Be5 66. Bf2 g3 67. Be1 g2 68. Bf2 g1=Q 69. Bxg1 e1=Q 70. Be3 Qxe3 71. h5 Qe2+ 0-1


[Site "https://www.chess.com"]

[Event "Titled Tuesday Blitz February 28 Late 2023"]
[White "Defend, Balint"]
[Black "Ansh M Shah"]
[WhiteFideId "17004853"]
[BlackFideId "25033379"]
[WhiteElo "2572"]
[BlackElo "2084"]
[Result "0-1"]
[Round "03"]
[TimeControl "180+2"]
[Date "2023.02.28"]
[WhiteClock "0:00:08"]
[BlackClock "0:00:13"]

1. e4 c6 2. d4 d5 3. e5 Bf5 4. h4 h5 5. Bd3 Bxd3 6. Qxd3 Qa5+ 7. Nd2 e6 8. c4 Ne7 9. Nf3 Qa6 10. Qc2 Nf5 11. O-O Be7 12. c5 Nxh4 13. a4 b6 14. Nxh4 Bxh4 15. Nf3 Be7 16. b4 Qb7 17. Rb1 b5 18. a5 Nd7 19. Bg5 Nf8 20. Qd2 a6 21. Rb3 O-O-O 22. Qf4 Nh7 23. Qg3 Rdg8 24. Qh4 Nxg5 25. Nxg5 Qd7 26. f4 f6 27. exf6 gxf6 28. Nf3 Rg4 29. Qh2 Rhg8 30. Re1 Rxg2+ 31. Qxg2 Rxg2+ 32. Kxg2 Qe8 33. Nh4 f5 34. Nf3 Qg6+ 35. Ng5 Bxg5 36. Rg3 Qf6 37. fxg5 Qg6 38. Kf3 h4 39. Rgg1 Kd7 40. Kf4 Ke7 41. Re3 Kf7 42. Rh3 Qh5 43. g6+ Kg7 44. Rg2 Qd1 45. Rxh4 Qxd4+ 46. Kg3 Qe3+ 47. Kh2 Qe5+ 48. Kh3 Qc3+ 49. Rg3 Qe1 50. Rh7+ Kg8 51. Rg2 f4 52. Rb7 Qh1+ 53. Rh2 Qf3+ 54. Kh4 Qg3+ 55. Kh5 Qxh2+ 56. Kg5 Qg3+ 57. Kf6 Qh4+ 58. Kxe6 Qg4+ 59. Kf6 Qh4+ 60. Kf5 f3 61. Rb8+ Kg7 62. Rb7+ Kf8 63. Rb8+ Ke7 64. Rb7+ Kd8 65. g7 Qh3+ 66. Ke5 Qh7 67. Rb8+ Ke7 68. g8=Q Qxg8 69. Rxg8 f2 70. Rg7+ Kf8 71. Rg6 f1=Q 72. Rxc6 Qc4 73. Rc7 Qxb4 74. c6 Qxa5 75. Rd7 Ke8 76. Rh7 Qe1+ 77. Kd6 Qf2 78. c7 Qb6+ 79. Ke5 Qb7 80. Rh8+ Kd7 81. c8=Q+ Qxc8 82. Rh7+ Kc6 83. Rh1 Kb6 84. Rh6+ Qc6 85. Rh1 Qc7+ 86. Ke6 Qc5 87. Rh7 Qc4 88. Kd6 Ka5 89. Ra7 Kb4 90. Re7 d4 91. Re4 a5 92. Re1 d3 93. Rb1+ Qb3 94. Rh1 d2 95. Rh4+ Qc4 96. Rxc4+ Kxc4 97. Kc6 d1=Q 98. Kb6 Qd5 99. Kxa5 b4+ 100. Ka6 Qb5+ 101. Ka7 b3 0-1


[Site "https://www.chess.com"]

[Event "Titled Tuesday Blitz February 28 Late 2023"]
[White "Atanasov, Anthony"]
[Black "Szente Varga, Fruzsina"]
[WhiteFideId "2623897"]
[BlackFideId "712264"]
[WhiteElo "2070"]
[BlackElo "1994"]
[Result "1-0"]
[Round "03"]
[TimeControl "180+2"]
[Date "2023.02.28"]
[WhiteClock "0:00:05"]
[BlackClock "0:00:08"]

1. d4 Nf6 2. Nf3 g6 3. c4 Bg7 4. Nc3 O-O 5. e4 d6 6. h3 e5 7. dxe5 dxe5 8. Bg5 Qxd1+ 9. Rxd1 Nbd7 10. Bd3 c6 11. Bc2 Re8 12. Ke2 Nc5 13. Be3 Ne6 14. Nxe5 Nxe4 15. Nxe4 Bxe5 16. b4 Nf4+ 17. Kf3 Nh5 18. g4 Nf6 19. Nd6 Bxd6 20. Rxd6 Be6 21. Bd4 Nd7 22. Re1 Nf8 23. Re5 Bxc4 24. Rxe8 Rxe8 25. Bxa7 Bxa2 26. Be4 Ne6 27. Be3 Bb3 28. Rd7 Rb8 29. Ba7 Re8 30. Be3 Rb8 31. h4 Nd8 32. Bb6 Ne6 33. Ba7 Rc8 34. Rxb7 c5 35. bxc5 Bd1+ 36. Ke3 Nxc5 37. Bxc5 Rxc5 38. f3 Kg7 39. Kf4 h6 40. Rd7 Ba4 41. Ra7 Bc6 42. Rc7 Bxe4 43. Rxc5 Bb1 44. Ke5 Ba2 45. Kd6 Bb3 46. Rc3 Be6 47. g5 hxg5 48. hxg5 Bf5 49. Ke7 Be6 50. Rc6 Bd5 51. Rd6 Bxf3 52. Rd8 Bd5 53. Rxd5 1-0


[Site "https://www.chess.com"]

[Event "Titled Tuesday Blitz February 28 Late 2023"]
[White "Pinheiro, Iung Alicio de O."]
[Black "Guo, Josh"]
[WhiteFideId "2104350"]
[BlackFideId "2682427"]
[WhiteElo "2283"]
[BlackElo "2343"]
[Result "1-0"]
[Round "03"]
[TimeControl "180+2"]
[Date "2023.02.28"]
[WhiteClock "0:00:28"]
[BlackClock "0:00:02"]

1. e4 c5 2. Nf3 d6 3. Nc3 Nf6 4. d4 cxd4 5. Nxd4 a6 6. a3 e5 7. Nf5 h6 8. Bc4 Be6 9. Bd5 Nc6 10. O-O Bxd5 11. Nxd5 g6 12. Nxf6+ Qxf6 13. Ne3 Bg7 14. Nd5 Qd8 15. Be3 O-O 16. c3 Ne7 17. Qb3 Nxd5 18. Qxd5 Qc7 19. Rfd1 Rad8 20. a4 Rd7 21. a5 Qc6 22. Bb6 Rc8 23. Rd2 h5 24. Rad1 Bh6 25. Rd3 Bf8 26. h4 Qxd5 27. Rxd5 Rc4 28. Rxe5 dxe5 29. Rxd7 Rxe4 30. Rxb7 Re1+ 31. Kh2 Rb1 32. b4 e4 33. Rb8 Kg7 34. Bd4+ f6 35. Bxf6+ Kxf6 36. Rxf8+ Ke6 37. Rg8 Kf5 38. Ra8 Rb3 39. Rxa6 Rxc3 40. Rb6 Ra3 41. a6 e3 42. fxe3 g5 43. Rb5+ Ke4 44. Ra5 1-0


[Site "https://www.chess.com"]

[Event "Titled Tuesday Blitz February 28 Late 2023"]
[White "Tyagi, Kushan"]
[Black "Yurovskykh, Oleksandr"]
[WhiteFideId "2040069"]
[BlackFideId "14134020"]
[WhiteElo "2343"]
[BlackElo "2268"]
[Result "1-0"]
[Round "03"]
[TimeControl "180+2"]
[Date "2023.02.28"]
[WhiteClock "0:00:23"]
[BlackClock "0:00:11"]

1. d4 d5 2. c4 dxc4 3. Nf3 Nf6 4. e3 e6 5. Bxc4 c5 6. O-O Nc6 7. Nc3 cxd4 8. exd4 Be7 9. Bg5 O-O 10. Re1 b6 11. Rc1 Bb7 12. Bb3 Nb4 13. a3 Nbd5 14. Bc2 Nxc3 15. bxc3 Bxa3 16. Qd3 g6 17. Rcd1 Be7 18. Ne5 Rc8 19. Qh3 Bd5 20. Re3 Nd7 21. Bh6 Bg5 22. Bxg5 Qxg5 23. Nxd7 Rfd8 24. Ne5 a5 25. f4 Qf6 26. Qh6 b5 27. Rb1 Rb8 28. Rh3 Qg7 29. Qxg7+ Kxg7 30. Re3 Rb7 31. Be4 Bxe4 32. Rxe4 Rc8 33. Re3 a4 34. Kf2 a3 35. Ra1 Ra7 36. Ra2 f6 37. Nf3 Kf7 38. Ne1 Rc4 39. Nc2 Rca4 40. Nb4 Ra8 41. Ke2 Ke7 42. Kd3 Kd6 43. Re1 R8a7 44. Rea1 Ra8 45. Nc2 Rc8 46. Rxa3 Rac4 47. Rb3 g5 48. Ra6+ Ke7 49. Ra7+ Kf8 50. fxg5 fxg5 51. Rxh7 e5 52. Ne3 exd4 53. cxd4 Rc1 54. Rh8+ Kg7 55. Rxc8 Rxc8 56. Rxb5 1-0


[Site "https://www.chess.com"]

[Event "Titled Tuesday Blitz February 28 Late 2023"]
[White "Escalante Ramirez, Rafael"]
[Black "Schekachikhin, Maksim"]
[WhiteFideId "3900177"]
[BlackFideId "24177830"]
[WhiteElo "2321"]
[BlackElo "2272"]
[Result "1-0"]
[Round "03"]
[TimeControl "180+2"]
[Date "2023.02.28"]
[WhiteClock "0:00:22"]
[BlackClock "0:00:03"]

1. Nf3 Nf6 2. d4 b6 3. c4 Bb7 4. g3 g6 5. Bg2 Bg7 6. O-O O-O 7. Nc3 Ne4 8. Qc2 Nxc3 9. Qxc3 Be4 10. b3 d6 11. Bb2 Nd7 12. Rad1 a5 13. Qd2 Qc8 14. d5 Bxb2 15. Qxb2 Bxf3 16. Bxf3 Nc5 17. Kg2 Qf5 18. h3 Rfb8 19. Rd4 Qf6 20. Qd2 b5 21. cxb5 Rxb5 22. Rc1 Rab8 23. h4 Rxb3 24. Rf4 Qb2 25. Rc2 Qxc2 26. Qxc2 Rb2 27. Qc4 R8b4 28. Qc3 Rxf4 29. gxf4 Rxa2 30. h5 1-0


[Site "https://www.chess.com"]

[Event "Titled Tuesday Blitz February 28 Late 2023"]
[White "Gascon Del Nogal, Jose Rafael"]
[Black "Paspuel, Trosky"]
[WhiteFideId "3902463"]
[BlackFideId "3602150"]
[WhiteElo "2473"]
[BlackElo "2317"]
[Result "1-0"]
[Round "03"]
[TimeControl "180+2"]
[Date "2023.02.28"]
[WhiteClock "0:02:39"]
[BlackClock "0:02:18"]

1. Nf3 Nf6 2. c4 e6 3. g3 d5 4. Bg2 d4 5. d3 c5 6. e4 Nc6 7. e5 Nd7 8. Qe2 Qc7 9. Bf4 g5 10. Bxg5 Ndxe5 11. Nxe5 Qxe5 12. Bxc6+ bxc6 13. Qxe5 1-0


[Site "https://www.chess.com"]

[Event "Titled Tuesday Blitz February 28 Late 2023"]
[White "Lopez Del Alamo, Antonio"]
[Black "Nefedov, Sergey"]
[WhiteFideId "2227339"]
[BlackFideId "24113417"]
[WhiteElo "2175"]
[BlackElo "2227"]
[Result "1-0"]
[Round "03"]
[TimeControl "180+2"]
[Date "2023.02.28"]
[WhiteClock "0:00:14"]
[BlackClock "0:00:02"]

1. e4 d5 2. exd5 Qxd5 3. Nc3 Qd8 4. d4 Nf6 5. Bc4 g6 6. Nf3 Bg7 7. Ne5 O-O 8. Be3 Nbd7 9. h3 Nb6 10. Bb3 Nbd5 11. Qe2 Be6 12. O-O c6 13. Rad1 a5 14. Bc1 Nxc3 15. bxc3 Nd5 16. Bb2 a4 17. Bxd5 cxd5 18. Ba3 Qc7 19. Bb4 Rfe8 20. g4 Ra6 21. f4 Bc8 22. Rd3 f6 23. Nf3 Qxf4 24. Re3 e6 25. Kg2 Qc7 26. h4 e5 27. dxe5 fxe5 28. Nd4 e4 29. Qb5 Bd7 30. Qxd5+ Kh8 31. Rf7 Rd8 32. Rxe4 Bc6 33. Nxc6 Rxd5 34. Rxc7 Rxc6 35. Rxc6 bxc6 36. Re8+ Bf8 37. Rxf8+ Kg7 38. Rf2 c5 39. Ba3 h5 40. c4 Rd4 41. Bb2 hxg4 42. Bxd4+ cxd4 43. c5 1-0


[Site "https://www.chess.com"]

[Event "Titled Tuesday Blitz February 28 Late 2023"]
[White "Richter, Paul"]
[Black "Leschinsky, Gary"]
[WhiteFideId "2046350"]
[BlackFideId "30951321"]
[WhiteElo "2559"]
[BlackElo "1855"]
[Result "0-1"]
[Round "03"]
[TimeControl "180+2"]
[Date "2023.02.28"]
[WhiteClock "0:00:04"]
[BlackClock "0:00:22"]

1. e4 c5 2. Nf3 e6 3. d3 d5 4. Nbd2 Bd6 5. g3 Ne7 6. Bg2 O-O 7. O-O Nbc6 8. Re1 b5 9. a4 b4 10. exd5 exd5 11. Nb3 Bg4 12. h3 Bf5 13. Be3 c4 14. Nbd4 Bg6 15. dxc4 dxc4 16. Nh4 Rc8 17. Nxg6 hxg6 18. Nb5 Be5 19. Qxd8 Rcxd8 20. Nxa7 Na5 21. Rab1 Nd5 22. Bc5 Rfe8 23. Bxd5 Rxd5 24. Bxb4 Ra8 25. Bxa5 Rxa7 26. Bb6 Rxa4 27. Be3 Rb4 28. b3 cxb3 29. Rxb3 Rc4 30. Re2 Kh7 31. Kg2 Rd7 32. Ra3 Bf6 33. Ra7 Rxa7 34. Bxa7 Rc3 35. Be3 Rc4 36. h4 Kg8 37. Kf3 Bc3 38. Bf4 f6 39. Ke3 Ba5 40. Kd3 Rc3+ 41. Kd4 Rc8 42. Be3 Kf7 43. Ke4 f5+ 44. Kf3 Rc3 45. Kg2 Rc4 46. Bg5 Bb4 47. f3 Bc5 48. Bc1 Bb4 49. Bf4 Ba3 50. Kf2 Bc5+ 51. Ke1 Rc3 52. Kd2 Rxf3 53. c4 Bb4+ 54. Kc2 Ba5 55. Kb2 Rc3 56. Rc2 Rd3 57. c5 Rd8 58. c6 Rc8 59. Kb3 Bc7 60. Ka4 Ke6 61. Kb5 Bxf4 62. g4 Kd6 63. gxf5 gxf5 64. Rf2 Ke5 65. Re2+ Kd4 66. Re7 Be3 67. Rxg7 f4 68. Rf7 Ke4 69. h5 f3 70. c7 f2 71. Rxf2 Bxf2 72. Kc6 Bg3 0-1


[Site "https://www.chess.com"]

[Event "Titled Tuesday Blitz February 28 Late 2023"]
[White "Cilek, Bora"]
[Black "Smith, Garrett L"]
[WhiteFideId "34502165"]
[BlackFideId "2024829"]
[WhiteElo "2108"]
[BlackElo "2287"]
[Result "1-0"]
[Round "03"]
[TimeControl "180+2"]
[Date "2023.02.28"]
[WhiteClock "0:00:18"]
[BlackClock "0:00:14"]

1. Nf3 c5 2. c4 Nc6 3. Nc3 e5 4. e3 Nf6 5. d4 cxd4 6. exd4 e4 7. Ne5 Bb4 8. Be2 Qa5 9. O-O Nxe5 10. dxe5 Qxe5 11. Bd2 O-O 12. a3 Bd6 13. g3 Qe6 14. b4 a6 15. Rc1 b6 16. Be3 Be5 17. Na4 Rb8 18. Qd2 Rd8 19. Rfd1 d5 20. cxd5 Rxd5 21. Qc2 Bd7 22. Bc4 Rxd1+ 23. Qxd1 Qh3 24. Bf1 Qe6 25. Bxa6 Nd5 26. Bc4 Bc6 27. Nxb6 Nxe3 28. Bxe6 Nxd1 29. Rxc6 fxe6 30. Nd7 Rb5 31. Rxe6 Bf6 32. Rxe4 Nc3 33. Rc4 h5 34. Nxf6+ 1-0


[Site "https://www.chess.com"]

[Event "Titled Tuesday Blitz February 28 Late 2023"]
[White "Riff, Vincent"]
[Black "Senft, Sean"]
[WhiteFideId "617776"]
[BlackFideId "2044960"]
[WhiteElo "2369"]
[BlackElo "1989"]
[Result "1-0"]
[Round "03"]
[TimeControl "180+2"]
[Date "2023.02.28"]
[WhiteClock "0:00:33"]
[BlackClock "0:00:03"]

1. e4 e5 2. Nf3 Nc6 3. d4 exd4 4. Bc4 d6 5. Nxd4 Nf6 6. Nc3 Be7 7. O-O O-O 8. h3 Nxd4 9. Qxd4 a6 10. a4 Nd7 11. Bf4 Bf6 12. Qd2 Ne5 13. Be2 Be6 14. Bg3 Re8 15. Rfe1 h6 16. f4 Nc4 17. Bxc4 Bxc4 18. Rad1 b5 19. b3 Be6 20. axb5 Bxc3 21. Qxc3 axb5 22. f5 Bd7 23. e5 Bxf5 24. exd6 Rxe1+ 25. Qxe1 cxd6 26. Qf2 Bg6 27. Rxd6 Qg5 28. Bf4 Qf5 29. c4 bxc4 30. bxc4 Ra1+ 31. Kh2 Qb1 32. Qe3 Be4 33. Kg3 Ra2 34. Rd2 Rxd2 35. Qxd2 Qb3+ 36. Qe3 Qxc4 37. Kh2 Qe6 38. Qg3 g5 39. Be5 Qf5 40. Kg1 Kh7 41. Bd4 Kg6 42. Qb8 Qd5 43. Qg8+ Kf5 44. Qg7 Ke6 45. Qxh6+ Kd7 46. Qf6 1-0


[Site "https://www.chess.com"]

[Event "Titled Tuesday Blitz February 28 Late 2023"]
[White "Da Silva Junior, Sediney Mari"]
[Black "Klenburg, Michael"]
[WhiteFideId "2132079"]
[BlackFideId "14102072"]
[WhiteElo "1977"]
[BlackElo "2396"]
[Result "0-1"]
[Round "03"]
[TimeControl "180+2"]
[Date "2023.02.28"]
[WhiteClock "0:00:26"]
[BlackClock "0:00:09"]

1. e4 d6 2. d4 Nf6 3. Nc3 g6 4. Bg5 Bg7 5. f4 c6 6. Nf3 O-O 7. Bd3 b5 8. O-O b4 9. Ne2 d5 10. e5 Ne4 11. Bxe4 dxe4 12. Nd2 f6 13. Bh4 f5 14. c3 bxc3 15. bxc3 Be6 16. Nb3 Nd7 17. c4 Bxc4 18. Rc1 Bd5 19. Nc3 Re8 20. Na4 Rb8 21. Nbc5 Nxc5 22. Nxc5 Qa5 23. Rf2 Rb5 24. Rfc2 Kf7 25. a4 Rb4 26. Be1 Qb6 27. Bxb4 Qxb4 28. e6+ Kg8 29. Na6 Qxd4+ 30. Kh1 Qxd1+ 31. Rxd1 Bb3 32. Rdc1 Bxc2 33. Rxc2 Rc8 34. Nc5 Bd4 35. Nb3 Be3 36. g3 Kg7 37. Kg2 Kf6 38. Kf1 Kxe6 39. Ke2 Bb6 40. a5 Bd8 41. Nc5+ Kd5 42. Nb7 Ke6 43. Nxd8+ Rxd8 44. Rxc6+ Rd6 45. Rc7 Ra6 46. Rc5 Kd6 47. Rb5 Rc6 48. Rb7 a6 49. h4 h5 50. Ke3 Ke6 51. Kd4 Rd6+ 52. Kc5 Kf6 53. Rb6 Ke6 54. Rb3 Rd3 55. Rb6+ Kf7 56. Kc4 Rxg3 57. Rxa6 Ra3 58. Kb4 Ra1 59. Rc6 e3 60. Rc2 e5 61. fxe5 f4 62. Rc4 e2 63. Rxf4+ Ke6 64. Re4 e1=Q+ 65. Rxe1 Rxe1 66. a6 Ra1 0-1


[Site "https://www.chess.com"]

[Event "Titled Tuesday Blitz February 28 Late 2023"]
[White "Einarsson, Halldor Gretar"]
[Black "Prem, Pranav"]
[WhiteFideId "2300150"]
[BlackFideId "30901057"]
[WhiteElo "2126"]
[BlackElo "1970"]
[Result "0-1"]
[Round "03"]
[TimeControl "180+2"]
[Date "2023.02.28"]
[WhiteClock "0:00:02"]
[BlackClock "0:00:39"]

1. d4 d5 2. Nf3 Nf6 3. g3 c5 4. Bg2 Nc6 5. O-O e6 6. c4 Be7 7. cxd5 Nxd5 8. e4 Nf6 9. e5 Nd5 10. Nc3 Nxc3 11. bxc3 O-O 12. h4 h6 13. Be3 cxd4 14. cxd4 Nb4 15. Nd2 Nd5 16. Ne4 Bd7 17. Qd2 Kh7 18. Nd6 Bxd6 19. exd6 Bc6 20. Bf4 Kg8 21. Rfe1 Qd7 22. Be4 Nxf4 23. Qxf4 Rfd8 24. d5 exd5 25. Bf5 Qxd6 26. Qxd6 Rxd6 27. Re7 Kf8 28. Rc7 Re8 29. g4 g6 30. Bd3 d4 31. h5 Re7 32. Rc8+ Kg7 33. hxg6 fxg6 34. Rc1 Rf6 35. Rd1 Rf4 36. g5 hxg5 0-1


[Site "https://www.chess.com"]

[Event "Titled Tuesday Blitz February 28 Late 2023"]
[White "Jimenez Almeida, Luis David"]
[Black "Ardila, Oscar Humberto"]
[WhiteFideId "22242244"]
[BlackFideId "4404742"]
[WhiteElo "2245"]
[BlackElo "1946"]
[Result "1-0"]
[Round "03"]
[TimeControl "180+2"]
[Date "2023.02.28"]
[WhiteClock "0:00:21"]
[BlackClock "0:00:06"]

1. e4 e5 2. Nf3 Nf6 3. d4 Nxe4 4. Bd3 d5 5. Nxe5 Nf6 6. O-O Be7 7. Re1 O-O 8. c3 Nbd7 9. Nd2 Re8 10. Ndf3 Nxe5 11. dxe5 Nd7 12. Bf4 Nf8 13. h3 Ne6 14. Bh2 c5 15. Qd2 Bd7 16. Rad1 Bc6 17. b3 Qc7 18. Qc2 h6 19. Qe2 Rad8 20. Bb1 d4 21. cxd4 cxd4 22. Qc2 g6 23. Nd2 Bb4 24. f4 d3 25. Qc4 Qb6+ 26. Kh1 Qf2 27. Ne4 Bxe4 28. Rxe4 Be7 29. Bxd3 Qxa2 30. Bg1 a6 31. Re2 Qa5 32. Rf1 Rc8 33. Qe4 Ng7 34. Qxb7 Nf5 35. Bxf5 gxf5 36. e6 f6 37. Qf3 Rb8 38. Qh5 Kf8 39. Qf7# 1-0


[Site "https://www.chess.com"]

[Event "Titled Tuesday Blitz February 28 Late 2023"]
[White "De Souza, Cristiano Gomes"]
[Black "Tologon tegin, Semetei"]
[WhiteFideId "2151758"]
[BlackFideId "13800574"]
[WhiteElo "2068"]
[BlackElo "2247"]
[Result "0-1"]
[Round "03"]
[TimeControl "180+2"]
[Date "2023.02.28"]
[WhiteClock "0:00:09"]
[BlackClock "0:00:17"]

1. d4 d5 2. c4 c6 3. Nf3 Nf6 4. Nc3 a6 5. a4 Bf5 6. Bf4 e6 7. e3 Nbd7 8. c5 Be7 9. b4 b6 10. Bd3 Bxd3 11. Qxd3 O-O 12. O-O a5 13. b5 bxc5 14. bxc6 c4 15. Qb1 Bb4 16. Na2 Nb6 17. Nxb4 axb4 18. a5 Nc8 19. Qxb4 Nh5 20. Qb7 Ra7 21. Qb8 Nxf4 22. exf4 Qc7 23. Qb5 Ne7 24. Ne5 Rfa8 25. Rfb1 f6 26. Nd7 Nxc6 27. Nb6 Rb8 28. Nxd5 exd5 29. Qxd5+ Kh8 30. Qxc4 Rxb1+ 31. Rxb1 h6 32. d5 Nxa5 33. Qxc7 Rxc7 34. g3 Rd7 35. Rb5 Nc4 36. Kg2 Kg8 37. Rc5 Nd6 38. Kf3 f5 39. h3 Ne4 40. Rc8+ Kf7 41. g4 Nf6 42. gxf5 Rxd5 43. Rc7+ Kg8 44. Rc8+ Kh7 45. Rc4 Rxf5 46. Kg3 Rd5 47. Ra4 Kg6 48. Kf3 Kf5 49. Rb4 g6 50. Kg2 Nh5 51. Rb6 Nxf4+ 52. Kf3 Rd3# 0-1


[Site "https://www.chess.com"]

[Event "Titled Tuesday Blitz February 28 Late 2023"]
[White "Simonovic, Miroslav"]
[Black "Krishnan, Varun"]
[WhiteFideId "919152"]
[BlackFideId "5054508"]
[WhiteElo "2057"]
[BlackElo "2548"]
[Result "1/2-1/2"]
[Round "03"]
[TimeControl "180+2"]
[Date "2023.02.28"]
[WhiteClock "0:00:26"]
[BlackClock "0:00:20"]

1. d4 Nf6 2. Bg5 e6 3. e4 h6 4. Bxf6 Qxf6 5. Qd3 Qd8 6. Nd2 b6 7. g3 Bb7 8. Bg2 d6 9. O-O-O Nd7 10. f4 c5 11. d5 e5 12. f5 a6 13. c4 b5 14. Ngf3 b4 15. g4 a5 16. h4 a4 17. Kb1 Be7 18. g5 h5 19. Ng1 f6 20. g6 Qa5 21. Ne2 b3 22. a3 Nb8 23. Qc3 Bd8 24. Qxa5 Bxa5 25. Ng3 Bxd2 26. Rxd2 Ba6 27. Rc1 Nd7 28. Rd3 Nb6 29. Rdc3 Ke7 30. Bf3 Rh6 31. Be2 Rah8 32. Rg1 Kd8 33. Kc1 Ke7 34. Kd2 Kd7 35. Ke3 Kc7 36. Rgc1 Kd7 37. Bd1 Kc7 38. Nf1 Kd7 39. Nd2 Kc7 40. Nf3 Rf8 41. Ng1 Kd7 42. Ne2 Kc7 43. Ng3 Rfh8 44. Be2 Kd7 45. Bd3 1/2-1/2


[Site "https://www.chess.com"]

[Event "Titled Tuesday Blitz February 28 Late 2023"]
[White "Janaszak, Dawid"]
[Black "Chabris, Christopher"]
[WhiteFideId "1119206"]
[BlackFideId "2005263"]
[WhiteElo "2220"]
[BlackElo "2231"]
[Result "1-0"]
[Round "03"]
[TimeControl "180+2"]
[Date "2023.02.28"]
[WhiteClock "0:01:15"]
[BlackClock "0:00:01"]

1. e4 c5 2. Nc3 Nc6 3. f4 g6 4. Nf3 Bg7 5. Bc4 e6 6. O-O Nge7 7. d3 Nd4 8. f5 O-O 9. Nxd4 Bxd4+ 10. Kh1 exf5 11. Bg5 Kg7 12. exf5 f6 13. Bd2 d5 14. Bb3 Bxf5 15. Qf3 Be6 16. Rae1 Bg8 17. Qh3 h5 18. Ne2 Qc8 19. Nf4 f5 20. Rxe7+ Kh6 21. Ne6+ f4 22. Rxf4 1-0


[Site "https://www.chess.com"]

[Event "Titled Tuesday Blitz February 28 Late 2023"]
[White "Pert, Richard G"]
[Black "Floresvillar Gonzalez, Luis Migu"]
[WhiteFideId "404748"]
[BlackFideId "5100542"]
[WhiteElo "2441"]
[BlackElo "2040"]
[Result "1-0"]
[Round "03"]
[TimeControl "180+2"]
[Date "2023.02.28"]
[WhiteClock "0:00:17"]
[BlackClock "0:00:22"]

1. d4 d5 2. c4 c6 3. Nc3 Nf6 4. e3 g6 5. Nf3 Bg7 6. Be2 O-O 7. O-O Bg4 8. b3 Nbd7 9. Bb2 e6 10. h3 Bxf3 11. Bxf3 h5 12. Rc1 Qe7 13. Qc2 Rfe8 14. Rfd1 a5 15. Be2 Rad8 16. Bf1 Nf8 17. Na4 N6d7 18. Qd2 Ra8 19. Bc3 b6 20. Bb2 dxc4 21. bxc4 Reb8 22. Rc2 Qb4 23. Nc3 a4 24. a3 Qe7 25. Ne4 Nf6 26. Nxf6+ Bxf6 27. Rdc1 Nd7 28. Bc3 Kg7 29. Be2 Kg8 30. Bf3 Rc8 31. Bb4 Qd8 32. c5 b5 33. e4 Bg5 34. Qe2 Nf6 35. Rd1 Bh6 36. Bd2 Bxd2 37. Rcxd2 Qe7 38. Qe3 Rd8 39. Qg5 Nd5 40. Qe5 Nc7 41. d5 cxd5 42. exd5 Qxc5 43. g4 hxg4 44. hxg4 Nxd5 45. Bxd5 Rxd5 46. Rxd5 exd5 47. Kg2 Qxa3 48. Rh1 1-0


[Site "https://www.chess.com"]